 Dungeon Crawl Stone Soup version 0.29.1-2-gbd0b4ee654 (webtiles) character file.

Game seed: 14017235711099862285

23 GorkyZ the Trooper (level 2, -5/24 HPs)
             Began as a Demonspawn Fighter on Nov 19, 2022.
             Slain by a gnoll
             ... wielding a +1 halberd of protection
              (10 damage)
             ... on level 2 of the Dungeon.
             The game lasted 00:02:40 (898 turns).

GorkyZ the Trooper (Demonspawn Fighter)              Turns: 898, Time: 00:02:41

Health: -5/24      AC:  6    Str: 16    XL:     2   Next: 75%
Magic:  2/2        EV:  8    Int:  9    God:
Gold:   22         SH:  4    Dex: 12    Spells: 1/1 levels left

rFire   . . .      SeeInvis .   a - +0 war axe
rCold   . . .      Faith    .   c - +0 buckler
rNeg    . . .      Spirit   .   b - +0 scale mail
rPois   .          Reflect  .   (no helmet)
rElec   .          Harm     .   (no cloak)
rCorr   .          Rampage  .   (no gloves)
Will    .....                   (no boots)
Stlth   ..........              (no amulet)
HPRegen 0.08/turn               (no ring)
MPRegen 0.08/turn               (no ring)

@: no status effects
A: claws 1
a: no special abilities


You were on level 2 of the Dungeon.
You visited 1 branch of the dungeon, and saw 2 of its levels.

You collected 22 gold pieces.

Inventory:

Hand Weapons
 a - a +0 war axe (weapon)
 h - a +0 dagger
Armour
 b - a +0 scale mail (worn)
 c - a +0 buckler (worn)
Scrolls
 e - a scroll of teleportation {unknown}
 f - a scroll of fear {unknown}
 i - 3 scrolls of immolation {unknown}
 j - a scroll of enchant weapon {unknown}
 k - a scroll of identify {unknown}
Potions
 d - 3 potions of might
 g - a potion of invisibility {unknown}


   Skills:
 + Level 3.2 Fighting
 + Level 2.1 Axes
 + Level 0.0 Throwing
 + Level 3.0 Armour
 + Level 2.9 Shields
 + Level 0.0 Evocations


You had one spell level left.
You didn't know any spells.
Your spell library was empty.

Dungeon Overview and Level Annotations

Branches:
Dungeon (2/15)

Altars:


Innate Abilities, Weirdness & Mutations

You have sharp fingernails.


Message History

k - a scroll labelled OMPOGA ZEAPSO You see here a rat corpse.
You see here 7 stones.
As you open the door, it creaks loudly!
There is an open door here.
There is an open door here.
As you open the door, it creaks loudly!
You see here a +0 robe.
There is an open door here.
Done exploring.
Done exploring.
Done exploring.
You see here 7 stones.
There is a stone staircase leading down here.
Your library has no spells.
You climb downwards.
There is a stone staircase leading up here.
There is a stone staircase leading up here. 2 gnolls come into view.
A gnoll is wielding a +1 halberd of protection.
Found 10 gold pieces.
The gnoll shouts! x2
A gnoll comes into view. It is wielding a +0 club.
A goblin comes into view. It is wielding a +0 dagger.
The gnoll hits you but does no damage. The gnoll attacks as you move away!
You block the gnoll's attack. x2
The gnoll hits you with a +1 halberd of protection!
Ouch! That really hurt!
You hit the gnoll but do no damage. The gnoll barely misses you.
You closely miss the gnoll. The gnoll closely misses you.
You closely miss the gnoll. The gnoll misses you. The gnoll barely misses you.
You barely miss the gnoll.
The gnoll hits you with a +1 halberd of protection!
* * * LOW HITPOINT WARNING * * *
You slash the gnoll!
The gnoll is severely wounded.
You block the gnoll's attack.
You closely miss the gnoll.
The gnoll hits you from afar with a +1 halberd of protection!
You die...

g..########
... ..#.#.#
.......=..
....#.#.
#.#...###
......$
#gg.# #g#
#@# #.#
.#######<#
.........#
.#########


You could see 3 gnolls.

Vanquished Creatures
  2 bats (D:1)
  4 endoplasms (D:1)
  3 giant cockroaches (D:1)
  2 goblins (D:1)
  2 hobgoblins (D:1)
  2 quokkas (D:1)
  2 frilled lizards (D:1)
  3 rats (D:1)
20 creatures vanquished.

Notes
Turn   | Place    | Note
-------+----------+-------------------------------------------
     0 | D:1      | GorkyZ the Demonspawn Fighter began the quest for the Orb.
     0 | D:1      | Reached XP level 1. HP: 18/18 MP: 1/1
   278 | D:1      | Gained mutation: You have sharp fingernails. [demonic
                  | ancestry]
   278 | D:1      | Reached XP level 2. HP: 21/24 MP: 2/2
   898 | D:2      | Slain by a gnoll

Illustrated notes

Levels and vault maps discovered:
D:1:      dpeg_arrival_court, layout_rooms
D:2:      layout_loops_ring, serial_shops, nicolae_shop_hallway_stairs,
          shapermc_ecumenical_altar_ellora, lemuel_flame_loot_1

Skill      XL: |  1  2 |
---------------+-------+-----
Axes           | 2 |  2.1
Armour         | 3 |  3.0
Fighting       | |  3.2
Shields        | |  2.9

Action                   || total
-------------------------++-------
Melee: War axe           ||    57
Armor: Scale mail        ||    17
Dodge: Dodged            ||    23
Block: Buckler           ||    17
